 Dungeon Crawl Stone Soup version 0.21.1-1-g345015f (webtiles) character file.

49 letownia2 the Charmwright (level 3, 0/27 HPs)
             Began as a Merfolk Skald on Mar 15, 2018.
             Slain by an orc
             ... wielding a +0 club
              (3 damage)
             ... on level 3 of the Dungeon.
             The game lasted 00:02:56 (443 turns).

letownia2 the Charmwright (Merfolk Skald)            Turns: 443, Time: 00:02:57

Health: 0/27       AC:  3    Str: 11    XL:     3   Next: 75%
Magic:  1/6        EV: 12    Int: 13    God:
Gold:   29         SH:  0    Dex: 16    Spells: 0/6 levels left

rFire    . . .     SeeInvis .   e - +1 short sword (drain)
rCold    . . .     Gourm    .   (no shield)
rNeg     . . .     Faith    .   b - +0 leather armour
rPois    .         Spirit   .   (no helmet)
rElec    .         Reflect  .   (no cloak)
rCorr    .         Harm     .   (no gloves)
MR       .....                  (no boots)
Stlth    +.........             m - amulet of regeneration
HPRegen  0.09/turn              o - +3 ring of dexterity
MPRegen  0.10/turn              (no ring)

@: shrouded
A: change form in water, swift swim, stealthy swim
a: no special abilities


You were on level 3 of the Dungeon.
You were not hungry.

You visited 1 branch of the dungeon, and saw 3 of its levels.

You collected 29 gold pieces.

Inventory:

Hand Weapons
 a - a +0 spear
 e - a +1 short sword of draining (weapon)
Missiles
 i - 2 steel tomahawks (quivered)
 j - 15 sling bullets
Armour
 b - a +0 leather armour (worn)
Jewellery
 m - an amulet of regeneration (around neck)
 o - a +3 ring of dexterity (left hand)
Scrolls
 f - a scroll of remove curse {unknown}
 k - a scroll of identify {unknown}
 p - a scroll of amnesia {unknown}
 r - a scroll of enchant armour {unknown}
Potions
 g - a potion of ambrosia {unknown}
 h - a potion of berserk rage {unknown}
 l - a potion of heal wounds {unknown}
 n - a potion of haste {unknown}
 q - a potion of resistance {unknown}
Books
 c - a book of Battle

   Spells                             Type                      Level
   a - Infusion                       Charms                       1
   b - Shroud of Golubria             Charms/Translocation         2
   c - Song of Slaying                Charms                       2
   d - Spectral Weapon                Hexes/Charms                 3
   e - Regeneration                   Charms/Necromancy            3
Comestibles
 d - 2 rations


   Skills:
 - Level 2.1 Fighting
 - Level 3.0 Polearms
 - Level 0.6 Armour
 - Level 2.6 Dodging
 - Level 2.0 Spellcasting
 * Level 0.6 Hexes
 + Level 4.1 Charms
 - Level 1.6 Translocations


You couldn't memorise any spells.
You knew the following spells:

 Your Spells              Type           Power        Failure   Level  Hunger
a - Infusion              Chrm           ##..         6%          1    ##.....
t - Shroud of Golubria    Chrm/Tloc      #.........   16%         2    ###....
x - Spectral Weapon       Hex/Chrm       #.......     36%         3    ####...


Dungeon Overview and Level Annotations

Branches:
Dungeon (3/15)

Altars:


Message History

The orc is moderately wounded.
The orc barely misses you.
You barely miss the orc.
The orc is moderately wounded.
The orc hits you with a club.
* * * LOW HITPOINT WARNING * * *
Unknown command.
Casting: Shroud of Golubria
Confirm with . or Enter, or press ? or * to list all spells.
Space distorts slightly along a thin shroud covering your body.
Your shroud bends the orc's attack away.
Unknown command.
You closely miss the orc.
The orc is moderately wounded.
Your shroud bends the orc's attack away.
Unknown command.
You barely miss the orc.
The orc is moderately wounded.
The orc hits you with a club.
You die...

.........###...###)#.#
.........###...†<#.#.#
.>..........#.####.#.#
#.....##.#........#
####...(†.#.######.###
..........#.# #.#
.......o....# #.#
......)####.######.#
.....$......o@....(#
.......#############
.###... #... #... #...


You could see an orc.

Vanquished Creatures
  An adder (D:3)
  An ooze (D:1)
  A worm (D:2)
  3 dart slugs
  An orc (D:3)
  A ball python (D:2)
  A giant cockroach (D:2)
  A hobgoblin (D:1)
  A quokka (D:3)
  2 bats
  2 frilled lizards
  A giant cockroach zombie (D:3)
  3 goblins
  4 kobolds
  4 rats
27 creatures vanquished.

Notes
Turn   | Place    | Note
-------+----------+-------------------------------------------
     0 | D:1      | letownia2 the Merfolk Skald began the quest for the Orb.
     0 | D:1      | Reached XP level 1. HP: 16/16 MP: 3/3
    45 | D:1      | Reached skill level 4 in Charms
    45 | D:1      | Reached XP level 2. HP: 16/22 MP: 0/5
    87 | D:1      | Learned a level 2 spell: Shroud of Golubria
   225 | D:2      | Reached skill level 1 in Translocations
   225 | D:2      | Reached XP level 3. HP: 8/27 MP: 6/6
   230 | D:2      | Learned a level 3 spell: Spectral Weapon
   443 | D:3      | Slain by an orc

Skill      XL: |  1  2 |
---------------+-------+-----
Charms         | 4 |  4.1
Translocations | 1 |  1.6
Fighting       | |  2.1
Polearms       | |  3.0
Armour         | |  0.6
Dodging        | |  2.6
Spellcasting   | |  2.0
Hexes          | |  0.6

Action                   || total
-------------------------++-------
Melee: Spear             ||    11
       Short sword       ||    94
Throw: Tomahawk          ||     1
 Cast: Infusion          ||     3
       Shroud of Golubri ||    10
 Stab: Sleeping          ||     1
Armor: Leather armour    ||    33
Dodge: Dodged            ||    56
